TOP OF THE 1ST |
Trenton Thunder batting - Pitching for Corpus Christi Hooks : RHP Gerardo Huerta
|
Pitching: RHP Gerardo Huerta
|
|
Batting: LHB Justin O'Neal
|
0-0: Called Strike 0-1: Foul Ball, location: 2F 0-2: Ball 1-2: Strikes out swinging
|
Batting: SHB Corey Penson
|
0-0: Called Strike 0-1: Foul Ball, location: 2F 0-2: Fly out, F8 (Flyball, 8LXD, EV 108.8 MPH)
|
Batting: LHB Jared Zulkowski
|
0-0: Ground out U3 (Groundball, 34S, EV 89.4 MPH)
|
Top of the 1st over - 0 runs, 0 hits, 0 errors, 0 left on base; Trenton 0 - Corpus Christi 0 |
BOTTOM OF THE 1ST |
Corpus Christi Hooks batting - Pitching for Trenton Thunder : RHP George Rosario
|
Pitching: RHP George Rosario
|
|
Batting: LHB Jose Chavez
|
0-0: Called Strike 0-1: Ball 1-1: Called Strike 1-2: Strikes out swinging
|
Batting: RHB Yi-lin Niu
|
0-0: Ball 1-0: Ball 2-0: Swinging Strike 2-1: Called Strike 2-2: Ground out 5-3 (Groundball, 56, EV 101.9 MPH)
|
Batting: LHB Bob Dietz
|
0-0: DOUBLE (Flyball, 78D, EV 105.0 MPH)
|
Batting: RHB Masaru Konno
|
0-0: Ball 1-0: Ball 2-0: Foul Ball, location: 2F 2-1: Foul Ball, location: 2F 2-2: Strikes out swinging
|
Bottom of the 1st over - 0 runs, 1 hit, 0 errors, 1 left on base; Trenton 0 - Corpus Christi 0 |
TOP OF THE 2ND |
Trenton Thunder batting - Pitching for Corpus Christi Hooks : RHP Gerardo Huerta
|
Batting: SHB David Stewart
|
0-0: Ball 1-0: Fly out, F8 (Flyball, 8RD, EV 104.4 MPH)
|
Batting: LHB Dale Anderson
|
0-0: Swinging Strike 0-1: Ball 1-1: Called Strike 1-2: Ground out U3 (Groundball, 13, EV 88.8 MPH)
|
Batting: RHB Elmar Adenauer
|
0-0: Ground out 4-3 (Groundball, 4, EV 83.1 MPH)
|
Top of the 2nd over - 0 runs, 0 hits, 0 errors, 0 left on base; Trenton 0 - Corpus Christi 0 |
BOTTOM OF THE 2ND |
Corpus Christi Hooks batting - Pitching for Trenton Thunder : RHP George Rosario
|
Batting: RHB Duncan Collins
|
0-0: Ball 1-0: Swinging Strike 1-1: Foul Ball, location: 2F 1-2: Fly out, F8 (Flyball, 8RD, EV 81.2 MPH)
|
Batting: RHB Bryan Peterson
|
0-0: Called Strike 0-1: Ball 1-1: Swinging Strike 1-2: Ground out 6-3 (Groundball, 6, EV 90.0 MPH)
|
Batting: RHB Alex Campos
|
0-0: Called Strike 0-1: Foul Ball, location: 2F 0-2: SINGLE (Flyball, 3D, EV 95.0 MPH)
|
Batting: RHB Lamar Thornton
|
0-0: Called Strike 0-1: Called Strike 0-2: Ball 1-2: Ground out 1-3 (Groundball, 15S, EV 70.0 MPH)
|
Bottom of the 2nd over - 0 runs, 1 hit, 0 errors, 1 left on base; Trenton 0 - Corpus Christi 0 |
TOP OF THE 3RD |
Trenton Thunder batting - Pitching for Corpus Christi Hooks : RHP Gerardo Huerta
|
Batting: SHB Houston Phillips
|
0-0: Ball 1-0: Foul Ball, location: 2F 1-1: Swinging Strike 1-2: Strikes out swinging
|
Batting: RHB Christian Shearer
|
0-0: Foul Ball, location: 2F 0-1: Ball 1-1: Swinging Strike 1-2: Ground out 5-3 (Groundball, 56, EV 89.4 MPH)
|
Batting: LHB Bart Davies
|
0-0: Ball 1-0: Ball 2-0: Called Strike 2-1: Ball 3-1: Foul Ball, location: 2F 3-2: Strikes out swinging
|
Top of the 3rd over - 0 runs, 0 hits, 0 errors, 0 left on base; Trenton 0 - Corpus Christi 0 |
BOTTOM OF THE 3RD |
Corpus Christi Hooks batting - Pitching for Trenton Thunder : RHP George Rosario
|
Batting: RHB Dave Gallegos
|
0-0: Fly out, F8 (Flyball, 8RD, EV 85.0 MPH)
|
Batting: LHB Jose Chavez
|
0-0: Ball 1-0: Ground out 5-3 (Groundball, 56S, EV 86.9 MPH)
|
Batting: RHB Yi-lin Niu
|
0-0: Ball 1-0: Ground out 6-3 (Groundball, 56, EV 90.0 MPH)
|
Bottom of the 3rd over - 0 runs, 0 hits, 0 errors, 0 left on base; Trenton 0 - Corpus Christi 0 |
TOP OF THE 4TH |
Trenton Thunder batting - Pitching for Corpus Christi Hooks : RHP Gerardo Huerta
|
Batting: LHB Justin O'Neal
|
0-0: Ball 1-0: Ball 2-0: Called Strike 2-1: Hit by Pitch
|
Batting: SHB Corey Penson
|
0-0: Grounds into double play, 6-4-3 (Groundball, 6, EV 89.4 MPH)
|
Batting: LHB Jared Zulkowski
|
0-0: Ball 1-0: SINGLE (Groundball, 4MD, EV 110.6 MPH)
|
Batting: SHB David Stewart
|
0-0: Ball 1-0: Swinging Strike 1-1: Foul Ball, location: 2F 1-2: Ball 2-2: Strikes out swinging
|
Top of the 4th over - 0 runs, 1 hit, 0 errors, 1 left on base; Trenton 0 - Corpus Christi 0 |
BOTTOM OF THE 4TH |
Corpus Christi Hooks batting - Pitching for Trenton Thunder : RHP George Rosario
|
Batting: LHB Bob Dietz
|
0-0: Foul Ball, location: 2F 0-1: Called Strike 0-2: Ball 1-2: Strikes out looking
|
Batting: RHB Masaru Konno
|
0-0: Ball 1-0: Called Strike 1-1: Foul Ball, location: 2F 1-2: Ball 2-2: Fly out, F6 (Popup, 6, EV 76.2 MPH)
|
Batting: RHB Duncan Collins
|
0-0: SINGLE (Line Drive, 6MD, EV 98.8 MPH)
|
Batting: RHB Bryan Peterson
|
0-0: Ball 1-0: Ball 2-0: Ball 3-0: Called Strike 3-1: Called Strike 3-2: SINGLE (Groundball, 6MS, EV 71.2 MPH) (infield hit) Duncan Collins to second
|
Batting: RHB Alex Campos
|
0-0: Ball 1-0: Foul Ball, location: 2F 1-1: Foul Ball, location: 2F 1-2: Fielders Choice at 2nd, 5-4 (Groundball, 5L, EV 100.6 MPH)
|
Bottom of the 4th over - 0 runs, 2 hits, 0 errors, 2 left on base; Trenton 0 - Corpus Christi 0 |
TOP OF THE 5TH |
Trenton Thunder batting - Pitching for Corpus Christi Hooks : RHP Gerardo Huerta
|
Batting: LHB Dale Anderson
|
0-0: Called Strike 0-1: Swinging Strike 0-2: Fly out, F8 (Flyball, 8LM, EV 81.2 MPH)
|
Batting: RHB Elmar Adenauer
|
0-0: Foul Ball, location: 2F 0-1: Hit by Pitch
|
Batting: SHB Houston Phillips
|
0-0: Called Strike 0-1: Fielders Choice at 2nd, 6-4 (Groundball, 6, EV 100.6 MPH)
|
Batting: RHB Christian Shearer
|
0-0: Ball 1-0: Foul Ball, location: 2F 1-1: Ball 2-1: Fielders Choice at 2nd, 6-4 (Groundball, 6, EV 100.0 MPH)
|
Top of the 5th over - 0 runs, 0 hits, 0 errors, 1 left on base; Trenton 0 - Corpus Christi 0 |
BOTTOM OF THE 5TH |
Corpus Christi Hooks batting - Pitching for Trenton Thunder : RHP George Rosario
|
Batting: RHB Lamar Thornton
|
0-0: Foul Ball, location: 2F 0-1: Ground out 6-3 (Groundball, 6, EV 88.1 MPH)
|
Batting: RHB Dave Gallegos
|
0-0: Ball 1-0: Ball 2-0: Called Strike 2-1: SINGLE (Groundball, 56D, EV 95.6 MPH)
|
Batting: LHB Jose Chavez
|
0-0: Swinging Strike 0-1: Foul Ball, location: 2F 0-2: Strikes out swinging
|
Batting: RHB Yi-lin Niu
|
0-0: Ball 1-0: Called Strike 1-1: Fly out, F5 (Line Drive, 5L, EV 65.0 MPH)
|
Bottom of the 5th over - 0 runs, 1 hit, 0 errors, 1 left on base; Trenton 0 - Corpus Christi 0 |
TOP OF THE 6TH |
Trenton Thunder batting - Pitching for Corpus Christi Hooks : RHP Gerardo Huerta
|
Batting: LHB Bart Davies
|
0-0: Ball 1-0: Ground out 4-3 (Groundball, 4MD, EV 83.1 MPH)
|
Batting: LHB Justin O'Neal
|
0-0: Foul Ball, location: 2F 0-1: Ball 1-1: Ball 2-1: Foul Ball, location: 2F 2-2: Fly out, F7 (Flyball, 7S, EV 86.9 MPH)
|
Batting: SHB Corey Penson
|
0-0: Ball 1-0: Called Strike 1-1: Ground out 4-3 (Groundball, 4, EV 84.4 MPH)
|
Top of the 6th over - 0 runs, 0 hits, 0 errors, 0 left on base; Trenton 0 - Corpus Christi 0 |
BOTTOM OF THE 6TH |
Corpus Christi Hooks batting - Pitching for Trenton Thunder : RHP George Rosario
|
Batting: LHB Bob Dietz
|
0-0: Called Strike 0-1: Foul Ball, location: 2F 0-2: Ball 1-2: Ball 2-2: Strikes out swinging
|
Batting: RHB Masaru Konno
|
0-0: Ball 1-0: Ball 2-0: Ball 3-0: Base on Balls
|
Batting: RHB Duncan Collins
|
0-0: Ball Masaru Konno steals 2nd, throwing error, E2 Masaru Konno to third 1-0: Called Strike 1-1: Ground out 6-3 (Groundball, 6, EV 76.9 MPH)
|
Batting: RHB Bryan Peterson
|
0-0: Ball 1-0: Called Strike 1-1: Ball 2-1: Ball 3-1: Base on Balls
|
Batting: RHB Alex Campos
|
0-0: Called Strike 0-1: TRIPLE (Flyball, 78XD, EV 91.9 MPH) Masaru Konno scores Bryan Peterson scores
|
Batting: RHB Lamar Thornton
|
0-0: Ball 1-0: Ball 2-0: Called Strike 2-1: Ground out 3-1 (Groundball, 34S, EV 91.9 MPH)
|
Bottom of the 6th over - 2 runs, 1 hit, 1 error, 1 left on base; Trenton 0 - Corpus Christi 2 |
TOP OF THE 7TH |
Trenton Thunder batting - Pitching for Corpus Christi Hooks : RHP Gerardo Huerta
|
Batting: LHB Jared Zulkowski
|
0-0: Ball 1-0: Foul Ball, location: 2F 1-1: Ball 2-1: Called Strike 2-2: Strikes out looking
|
Batting: SHB David Stewart
|
0-0: SINGLE (Groundball, 4MD, EV 104.4 MPH)
|
Batting: LHB Dale Anderson
|
0-0: SINGLE (Line Drive, 89S, EV 110.0 MPH) David Stewart to second
|
Batting: RHB Elmar Adenauer
|
0-0: Foul Ball, location: 2F 0-1: Foul Ball, location: 2F 0-2: Strikes out looking
|
Batting: SHB Houston Phillips
|
0-0: Ball 1-0: Ball 2-0: Called Strike 2-1: Foul Ball, location: 2F 2-2: Ball 3-2: Base on Balls David Stewart to third Dale Anderson to second
|
Batting: RHB Christian Shearer
|
0-0: GRAND SLAM HOME RUN (Flyball, 7LD, EV 95.0 MPH), Distance : 338 ft
|
Batting: LHB Bart Davies
|
0-0: Swinging Strike 0-1: Foul Ball, location: 2F 0-2: Foul Ball, location: 2F 0-2: Foul Ball, location: 2F 0-2: Ball 1-2: Ball 2-2: Foul Ball, location: 2F 2-2: SINGLE (Groundball, 34D, EV 98.1 MPH)
|
Batting: LHB Justin O'Neal
|
0-0: Swinging Strike 0-1: Foul Ball, location: 2F 0-2: 2-RUN HOME RUN (Flyball, 7LD, EV 93.8 MPH), Distance : 330 ft
|
Pitching: LHP Miguel Yepez
|
|
Batting: SHB Corey Penson
|
0-0: Ball 1-0: DOUBLE (Line Drive, 9LS, EV 106.2 MPH)
|
Batting: LHB Jared Zulkowski
|
0-0: Ball 1-0: Swinging Strike 1-1: Ball 2-1: Fly out, F7 (Flyball, 7S, EV 94.4 MPH)
|
Top of the 7th over - 6 runs, 6 hits, 0 errors, 1 left on base; Trenton 6 - Corpus Christi 2 |
BOTTOM OF THE 7TH |
Corpus Christi Hooks batting - Pitching for Trenton Thunder : RHP George Rosario
|
Batting: RHB Dave Gallegos
|
0-0: Called Strike 0-1: Foul Ball, location: 2F 0-2: Ball 1-2: Ball 2-2: Foul Ball, location: 2F 2-2: SINGLE (Line Drive, 34, EV 98.8 MPH)
|
Batting: LHB Jose Chavez
|
0-0: Swinging Strike 0-1: Fly out, F8 (Line Drive, 8LM, EV 96.2 MPH)
|
Batting: RHB Yi-lin Niu
|
0-0: Foul Ball, location: 2F 0-1: Ball Pickoff Throw to First - Out! 1-3 1-1: Ball 2-1: Ball 3-1: Base on Balls
|
Pitching: RHP David Durr
|
|
Batting: LHB Bob Dietz
|
0-0: Ball Yi-lin Niu steals 2nd, throwing error, E2 Yi-lin Niu to third 1-0: Swinging Strike 1-1: Foul Ball, location: 2F 1-2: Fly out, F7 (Flyball, 78D, EV 84.4 MPH)
|
Bottom of the 7th over - 0 runs, 1 hit, 1 error, 1 left on base; Trenton 6 - Corpus Christi 2 |
TOP OF THE 8TH |
Trenton Thunder batting - Pitching for Corpus Christi Hooks : LHP Miguel Yepez
|
Batting: SHB David Stewart
|
0-0: Ball 1-0: Ball 2-0: Called Strike 2-1: Swinging Strike 2-2: Foul Ball, location: 2F 2-2: Ball 3-2: Foul Ball, location: 2F 3-2: Fly out, F8 (Flyball, 8RXD, EV 94.4 MPH)
|
Batting: LHB Dale Anderson
|
0-0: Foul Ball, location: 2F 0-1: Called Strike 0-2: Foul Ball, location: 2F 0-2: Foul Ball, location: 2F 0-2: Foul Ball, location: 2F 0-2: Ball 1-2: Foul Ball, location: 2F 1-2: Fly out, F6 (Line Drive, 6M, EV 70.0 MPH)
|
Batting: RHB Elmar Adenauer
|
0-0: Ball 1-0: Ball 2-0: Foul Ball, location: 2F 2-1: Foul Ball, location: 2F 2-2: Strikes out swinging
|
Top of the 8th over - 0 runs, 0 hits, 0 errors, 0 left on base; Trenton 6 - Corpus Christi 2 |
BOTTOM OF THE 8TH |
Corpus Christi Hooks batting - Pitching for Trenton Thunder : RHP David Durr
|
Batting: RHB Masaru Konno
|
0-0: Called Strike 0-1: Called Strike 0-2: Foul Ball, location: 2F 0-2: Foul Ball, location: 2F 0-2: Foul Ball, location: 2F 0-2: Ball 1-2: Foul Ball, location: 2F 1-2: Ground out U3 (Groundball, 34, EV 78.1 MPH)
|
Batting: RHB Duncan Collins
|
0-0: Ball 1-0: DOUBLE (Line Drive, 89D, EV 105.0 MPH)
|
Batting: RHB Bryan Peterson
|
0-0: Called Strike 0-1: Ball 1-1: Foul Ball, location: 2F 1-2: Ball 2-2: Hit by Pitch
|
Pitching: RHP Jimmy Wilder
|
|
Batting: RHB Alex Campos
|
0-0: Called Strike 0-1: Ball 1-1: Grounds into double play, 5-4-3 (Groundball, 56, EV 79.4 MPH)
|
Bottom of the 8th over - 0 runs, 1 hit, 0 errors, 1 left on base; Trenton 6 - Corpus Christi 2 |
TOP OF THE 9TH |
Trenton Thunder batting - Pitching for Corpus Christi Hooks : LHP Miguel Yepez
|
Pitching: LHP Dzintars Balodis
|
|
Batting: SHB Houston Phillips
|
0-0: Ball 1-0: Called Strike 1-1: Ball 2-1: Ball 3-1: Foul Ball, location: 2F 3-2: Fly out, F7 (Flyball, 78M, EV 88.8 MPH)
|
Batting: RHB Christian Shearer
|
0-0: Ball 1-0: Ground out 6-3 (Groundball, 6MD, EV 90.6 MPH)
|
Pinch Hitting: RHB Sam Hubbert
|
0-0: Foul Ball, location: 2F 0-1: Swinging Strike 0-2: Ball 1-2: Strikes out looking
|
Top of the 9th over - 0 runs, 0 hits, 0 errors, 0 left on base; Trenton 6 - Corpus Christi 2 |
BOTTOM OF THE 9TH |
Corpus Christi Hooks batting - Pitching for Trenton Thunder : RHP Jimmy Wilder
|
Now in CF: Alex Colon
|
|
Batting: RHB Lamar Thornton
|
0-0: Ball 1-0: Ball 2-0: Ball 3-0: Base on Balls
|
Batting: RHB Dave Gallegos
|
0-0: Called Strike 0-1: Foul Ball, location: 2F 0-2: Fly out, F6 (Popup, 4MD, EV 43.1 MPH)
|
Batting: LHB Jose Chavez
|
0-0: Foul Ball, location: 2F 0-1: Swinging Strike 0-2: Ball 1-2: Strikes out swinging
|
Batting: RHB Yi-lin Niu
|
0-0: SINGLE (Flyball, 89S, EV 86.9 MPH) Lamar Thornton to second
|
Batting: LHB Bob Dietz
|
0-0: Ball 1-0: Called Strike 1-1: Ball 2-1: SINGLE (Flyball, 6MD, EV 94.4 MPH) Lamar Thornton to third Yi-lin Niu to second
|
Pitching: LHP Jon Moore
|
|
Batting: RHB Masaru Konno
|
0-0: Ball 1-0: Called Strike 1-1: Ball 2-1: Fly out, F8 (Flyball, 8RD, EV 92.5 MPH)
|
Bottom of the 9th over - 0 runs, 2 hits, 0 errors, 3 left on base; Trenton 6 - Corpus Christi 2 |
|